 Dungeon Crawl Stone Soup version 0.16.1-7-g2c6721e (webtiles) character file.

93 inmateoo the Conjurer (level 4, -8/27 HPs)
             Began as an Octopode Conjurer on Mar 29, 2015.
             Mangled by Prince Ribbit (17 damage)
             ... on level 4 of the Dungeon.
             The game lasted 00:03:10 (2280 turns).

inmateoo the Conjurer (Octopode Conjurer)           Turns: 2280, Time: 00:03:10

Health: -8/27      AC:  1    Str:  7    XL:     4   Next: 62%
Magic:  5/8        EV: 18    Int: 18    God:
Gold:   146        SH:  0    Dex: 17    Spells: 3 memorised, 1 level left

rFire  . . .     SeeInvis .     l - +3 dagger (elec)
rCold  + . .     Clarity  .     (no shield)
rNeg   . . .     SustAb   .     (helmet restricted)
rPois  .         Gourm    .     (no amulet)
rElec  .         Spirit   .     e - ring of protection from cold
rCorr  .         Warding  .     (no ring)
rMut   .         Stasis   .     (no ring)
MR     .....                    (no ring)
Stlth  +++++.....               (no ring)
                                (no ring)
                                (no ring)
                                (no ring)

@: agile, very slightly contaminated, not resistant to hostile enchantments,
quite stealthy
A: almost no armour, amphibious, 8 rings, constrict 8, camouflage 1, gelatinous
body 1
a: no special abilities


You were on level 4 of the Dungeon.
You were very hungry.

You visited 1 branch of the dungeon, and saw 4 of its levels.

You collected 146 gold pieces.

Inventory:

Hand weapons
 l - a +3 dagger of electrocution (weapon)
Jewellery
 e - a ring of protection from cold (left tentacle)
Scrolls
 h - a scroll of amnesia {unknown}
Potions
 a - a potion of curing
 d - a potion of resistance
 f - a potion of agility
 i - a potion of poison {unknown}
 m - a potion of restore abilities
 p - a potion of might {unknown}
Books
 c - a book of Conjurations

   Spells                             Type                      Level
   a - Magic Dart                     Conjuration                  1
   b - Searing Ray                    Conjuration                  2
   c - Dazzling Spray                 Conjuration/Hexes            3
   d - Fulminant Prism                Conjuration/Hexes            4
   e - Iskenderun's Mystic Blast      Conjuration                  4
   f - Iskenderun's Battlesphere      Conjuration/Charms           5
Comestibles
 b - 3 bread rations
 g - 3 meat rations


   Skills:
 + Level 2.6 Dodging
 + Level 3.9 Stealth
 + Level 2.4 Spellcasting
 * Level 4.8 Conjurations


You had one spell level left.
You knew the following spells:

 Your Spells              Type           Power        Failure   Level  Hunger
a - Magic Dart            Conj           ###.         2%          1    #......
b - Searing Ray           Conj           ###...       4%          2    ##.....
c - Dazzling Spray        Conj/Hex       ##......     21%         3    ###....


Dungeon Overview and Level Annotations

Branches:
Dungeon (4/15)
 Temple: D:4-7

Altars:
Dithmenos

Annotations:
D:4 Prince Ribbit


Innate Abilities, Weirdness & Mutations

You cannot wear most types of armour.
You are amphibious.
You can wear up to eight rings at the same time.
You can use your tentacles to constrict many enemies at once.
Your skin changes colour to match your surroundings (Stealth).
Your rubbery body absorbs attacks (AC +1).


Message History

Press: ? - help, Shift-Dir - straight line, f - Prince Ribbit
Aim: Prince Ribbit You miscast Searing Ray.
You are very lightly contaminated with residual magic.
Nothing appears to happen.
Unknown command.
Prince Ribbit closely misses you. Prince Ribbit hits you!!
Ouch! That really hurt!
Unknown command.
Prince Ribbit momentarily phases out as your attack passes through him.
Your grab passes through Prince Ribbit as he momentarily phases out.
Your squeeze misses Prince Ribbit.
Prince Ribbit hits you but does no damage.
Unknown command.
Drink which item? (? for menu, Esc to quit)
You feel agile all of a sudden.
Prince Ribbit lets out a mournful croak.
Prince Ribbit hits you!
Ouch! That really hurt!
You die...

### ....#
#
..#.###..
##.#.....#
.(....<#
......
#..#
###).####
#....F@.#
#.#####.#
###.# .#
##...# .#
##..### .#
##..## .#
#..## ..
#.## ##
###.#


You could see Prince Ribbit.

Vanquished Creatures
  An orc priest (D:4)
  An adder (D:3)
  A giant gecko (D:3)
  An ooze (D:3)
  4 giant cockroaches
  5 hobgoblins
  4 jackals (D:1)
  3 kobolds
  A quokka (D:2)
  5 ball pythons
  4 bats
  3 giant newts (D:1)
  13 goblins
  6 rats
52 creatures vanquished.

Notes
Turn   | Place    | Note
--------------------------------------------------------------
     0 | D:1      | inmateoo, the Octopode Conjurer, began the quest for the Orb.
     0 | D:1      | Reached XP level 1. HP: 11/11 MP: 3/3
    82 | D:1      | Reached XP level 2. HP: 6/17 MP: 0/4
   678 | D:1      | Reached XP level 3. HP: 21/21 MP: 3/6
   988 | D:2      | Learned a level 2 spell: Searing Ray
   992 | D:2      | Learned a level 3 spell: Dazzling Spray
  1637 | D:3      | Found a shadowy altar of Dithmenos.
  1709 | D:3      | Reached XP level 4. HP: 27/27 MP: 8/8
  2241 | D:4      | Noticed Prince Ribbit
  2280 | D:4      | Mangled by Prince Ribbit

Action                   |  1- 3 |  4- 6 || total
-------------------------+-------+-------++-------
Melee: Unarmed           |    23 |       ||    23
       Dagger            |     3 |     3 ||     6
 Cast: Magic Dart        |    66 |    21 ||    87
       Searing Ray       |       |     1 ||     1
  Use: Scroll            |     3 |     8 ||    11
       Potion            |       |     1 ||     1
  Eat: Chunk             |     1 |     3 ||     4
